 Dungeon Crawl Stone Soup version 0.32-a0-841-g4648e6c457 (webtiles) character file.

Game seed: 14130172558635932048

360 shadizar the Magician (level 6, -8/40 HPs)
             Began as a Djinni Conjurer on Mar 26, 2024.
             Shot with an arrow by a centaur (14 damage)
             ... on level 5 of the Dungeon.
             The game lasted 00:03:49 (3835 turns).

shadizar the Magician (Djinni Conjurer)             Turns: 3835, Time: 00:03:49

Health: -8/40      AC:  3    Str:  6    XL:     6   Next: 98%
Gold:   92         EV: 11    Int: 21    God:
                   SH:  5    Dex: 12

rFire   + + .        (no weapon)
rCold   x . .        (no shield)
rNeg    . . .        a - +0 robe
rPois   ∞            (no helmet)
rElec   .            p - +0 cloak
rCorr   .            (no gloves)
SInv    .            (boots unavailable)
Will    .....        c - amulet of reflection
Stlth   ++           (no ring)
HPRegen 0.26/turn    (no ring)
MPRegen 0.00/turn

%: reflection, infuse magic (-9 HP)
@: flying
A: sickness immunity, fire resistance 2, cold vulnerability 1, float, innate
caster, HP casting, extra vitality 1
a: no special abilities


You were on level 5 of the Dungeon.
You visited 1 branch of the dungeon, and saw 5 of its levels.

You collected 92 gold pieces.

Inventory:

Armour
 a - a +0 robe (worn)
 p - a +0 cloak (worn)
Magical Staves
 s - a staff of death
Jewellery
 c - an amulet of reflection (around neck)
Wands
 g - a wand of iceblast (12)
 n - a wand of flame (15)
Scrolls
 b - a scroll of immolation {unknown}
 d - 3 scrolls of revelation {unknown}
 f - a scroll of teleportation {unknown}
 h - a scroll of enchant armour {unknown}
 j - a scroll of enchant weapon {unknown}
 l - a scroll of noise {unknown}
 m - 2 scrolls of identify {unknown}
Potions
 e - a potion of enlightenment {unknown}
 i - 2 potions of degeneration {unknown}
 k - a potion of curing {unknown}
 o - a potion of haste {unknown}
 q - a potion of ambrosia {unknown}
 r - a potion of magic {unknown}


   Skills:
 - Level 2.1 Dodging
 - Level 1.5 Stealth
 + Level 6.3 Spellcasting
 + Level 6.3 Conjurations
 + Level 6.3 Hexes
 + Level 6.3 Summonings
 + Level 6.3 Necromancy
 + Level 6.3 Translocations
 + Level 6.3 Fire Magic
 + Level 6.3 Ice Magic
 + Level 6.3 Air Magic
 + Level 6.3 Earth Magic
 + Level 6.3 Alchemy


You knew the following spells:

 Your Spells              Type           Power      Damage    Failure   Level
a - Magic Dart            Conj           100%       1d8       1%          1
b - Searing Ray           Conj           66%        2d6       1%          2
c - Fulminant Prism       Conj/Alch      16%        3d10      7%          4
d - Iskenderun's Mystic   Conj/Tloc      33%        2d8       7%          4
e - Kiss of Death         Conj/Necr      100%       2d13      1%          1
f - Blink                 Tloc           66%        N/A       1%          2
Your spell library was empty.

Dungeon Overview and Level Annotations

Branches:
Dungeon (4/15)
 Temple: D:4-7

Altars:
Okawaru
Qazlal
Ru
Trog
Yredelemnul
Zin

Shops:
D:3 *


Innate Abilities, Weirdness & Mutations

You are immune to sickness and miasma.
You are immune to poison.
Your flesh is very heat resistant. (rF++)
You are vulnerable to cold. (rC-)
You float through the air rather than walking.
You learn spells naturally, not from books.
Your magical power is your life essence.
You have superior vitality. (+4 MHP)


Message History

Unknown command.
Unknown command.
The magic dart hits the sleepcap.
The sleepcap is lightly damaged.
The magic dart hits the sleepcap.
The sleepcap is moderately damaged.
The magic dart hits the sleepcap but does no damage.
The sleepcap is moderately damaged.
The sleepcap releases spores at you but does no damage.
A centaur comes into view.
Casting: Magic Dart (safe; 1% risk of failure)
Confirm with . or Enter, or press ? or * to list all spells.
You erupt in a blast of force!
The mystic blast hits the centaur but does no damage.
The centaur shouts!
The mystic blast hits the sleepcap but does no damage.
The sleepcap is moderately damaged.
You block the sleepcap's attack.
Unknown command.
Casting: Iskenderun's Mystic Blast (quite dangerous; 7% risk of failure)
Confirm with . or Enter, or press ? or * to list all spells.
You erupt in a blast of force!
The mystic blast hits the sleepcap!
The sleepcap is heavily damaged.
The sleepcap is knocked back by the mystic blast.
The mystic blast hits the centaur.
The centaur is moderately wounded.
The centaur is knocked back by the mystic blast.
The centaur wields a +0 orcbow.
The centaur shoots an arrow.
The arrow hits you!
Casting: Iskenderun's Mystic Blast (quite dangerous; 7% risk of failure)
Confirm with . or Enter, or press ? or * to list all spells.
You erupt in a blast of force!
The mystic blast hits the centaur!
The centaur is almost dead.
The centaur is knocked back by the mystic blast.
* * * LOW HITPOINT WARNING * * *
The centaur shoots an arrow.
The arrow hits you.
* * * LOW HITPOINT WARNING * * *
Unknown command.
The centaur shoots an arrow.
The arrow hits you!
You die...

#. #. #. #########
#.###.......#
##........##.#
...##.##.##>#
#.#.....#..##
#.........@.#
#.#.#.#.#.#......>#
#.#.#.#.#.#f......#
#.#.#.#.#.#.......#
#.#.#.#.#.#....c..#
#.#.#.#.#.#.......#
#.................#
###..#####........#


You could see a sleepcap and a centaur.

Vanquished Creatures
  Eustachio (D:4)
  A jelly (D:4)
  Crazy Yiuf (D:2)
  An orc wizard (D:3)
  2 adders (D:2)
  4 gnolls (D:3)
  A dart slug (D:1)
  A ribbon worm (D:2)
  4 orcs (D:3)
  6 endoplasms
  4 giant cockroaches
  5 hobgoblins
  8 jackals
  3 kobolds
  2 quokkas
  5 ball pythons
  9 bats
  5 frilled lizards (D:1)
  8 goblins
  9 rats
80 creatures vanquished.

Vanquished Creatures (others)
  3 fulminant prisms (D:4)
3 creatures vanquished.

Grand Total: 83 creatures vanquished

Notes
Turn   | Place    | Note
-------+----------+-------------------------------------------
     0 | D:1      | shadizar the Djinni Conjurer began the quest for the Orb.
     0 | D:1      | shadizar set off with the following spells memorised: Magic
                  | Dart, Searing Ray, Fulminant Prism, Iskenderun's Mystic
                  | Blast.
     0 | D:1      | Reached XP level 1. HP: 15/15 MP: 0/0
   226 | D:1      | Reached XP level 2. HP: 20/21 MP: 0/0
   563 | D:1      | Reached XP level 3. HP: 22/25 MP: 0/0
   563 | D:1      | Learned a level 1 spell: Kiss of Death
  1016 | D:2      | Reached XP level 4. HP: 19/31 MP: 0/0
  1484 | D:2      | Found a runed translucent door.
  1485 | D:2      | Noticed Crazy Yiuf
  2258 | D:3      | Reached skill level 5 in Spellcasting
  2258 | D:3      | Reached skill level 5 in Conjurations
  2258 | D:3      | Reached skill level 5 in Hexes
  2258 | D:3      | Reached skill level 5 in Summonings
  2258 | D:3      | Reached skill level 5 in Necromancy
  2258 | D:3      | Reached skill level 5 in Translocations
  2258 | D:3      | Reached skill level 5 in Fire Magic
  2258 | D:3      | Reached skill level 5 in Ice Magic
  2258 | D:3      | Reached skill level 5 in Air Magic
  2258 | D:3      | Reached skill level 5 in Earth Magic
  2258 | D:3      | Reached skill level 5 in Alchemy
  2258 | D:3      | Reached XP level 5. HP: 24/35 MP: 0/0
  2258 | D:3      | Learned a level 2 spell: Blink
  2463 | D:3      | Found Udedoos's Assorted Antiques.
  2503 | D:3      | Found a faded altar of an unknown god.
  2781 | D:2      | Killed Crazy Yiuf
  3167 | D:3      | Reached XP level 6. HP: 32/40 MP: 0/0
  3635 | D:4      | Noticed Eustachio
  3648 | D:4      | Killed Eustachio
  3649 | D:4      | Found a stormy altar of Qazlal.
  3650 | D:4      | Found a basalt altar of Yredelemnul.
  3785 | D:4      | Found a bloodstained altar of Trog.
  3787 | D:4      | Found a sacrificial altar of Ru.
  3788 | D:4      | Found a glowing silver altar of Zin.
  3789 | D:4      | Found an iron altar of Okawaru.
  3815 | D:4      | You are sucked into a shaft and drop 1 floor!
  3815 | D:5      | Entered Level 5 of the Dungeon
  3835 | D:5      | Shot with an arrow by a centaur

Illustrated notes

Levels and vault maps discovered:
D:1:      minmay_arrival_pointy, layout_loops_ring
D:2:      layout_basic, kennysheep_flooded_box, uniq_crazy_yiuf_cottage
D:3:      layout_basic, hellmonk_ecumenical_altar_zigzags, serial_shops,
          nicolae_shop_back_alley_shop
D:4:      layout_loops_ring, minitemple, uniq_menkaure, uniq_eustachio,
          uniq_ijyb
D:5:      layout_loops_cross, grunt_temple_overflow_champion_of_chaos,
          serial_glass, glass_columns_a, glass_columns_a, glass_columns_b,
          minmay_misc_feat_rows

Skill      XL: |  1  2  3  4  5  6 |
---------------+-------------------+-----
Spellcasting   | 4 5 6 |  6.3
Conjurations   | 4 5 6 |  6.3
Hexes          | 4 5 6 |  6.3
Summonings     | 4 5 6 |  6.3
Necromancy     | 4 5 6 |  6.3
Translocations | 4 5 6 |  6.3
Fire Magic     | 4 5 6 |  6.3
Ice Magic      | 4 5 6 |  6.3
Air Magic      | 4 5 6 |  6.3
Earth Magic    | 4 5 6 |  6.3
Alchemy        | 4 5 6 |  6.3
Dodging        | |  2.1
Stealth        | |  1.5

Action                     |  1- 3 |  4- 6 || total
---------------------------+-------+-------++-------
   Cast: Magic Dart        |    70 |   123 ||   193
         Iskenderun's Myst |       |    10 ||    10
         Fulminant Prism   |       |     3 ||     3
 Armour: Robe              |    11 |    23 ||    34
  Dodge: Dodged            |     8 |    21 ||    29
  Block: Other             |       |     3 ||     3

Table legend: (Time is in decaauts)
 A = Elapsed time spent in this place.
 B = Non-inter-level travel time spent in this place.
 C = Inter-level travel time spent in this place.
 D = Time resting spent in this place.
 E = Time spent auto-exploring this place.
 F = Levels seen in this place.
 G = Mean time per level.
                   A        B        C        D        E       F      G
               +--------+--------+--------+--------+--------+-----+--------+
         Total |   3837 |   3687 |    150 |      0 |   3227 |   5 |  767.4 |
       Dungeon |   3837 |   3687 |    150 |      0 |   3227 |   5 |  767.4 |
               +--------+--------+--------+--------+--------+-----+--------+

Top non-repeatable levels by time:
     D:2: 1734 daAuts
     D:3: 942 daAuts
     D:1: 877 daAuts
     D:4: 263 daAuts
     D:5: 19 daAuts
